 Dungeon Crawl Stone Soup version 0.29-a0-1043-g569b05d6ff (webtiles) character file.

Game seed: 7734538143316350000

38311 greenreed the Fighter (level 13, -7/100 HPs)
             Began as a Minotaur Monk on Aug 15, 2022.
             Was an Elder of the Shining One.
             Collided with a stone wall (15 damage)
             ... caused by a wretched star
             ... on level 1 of the Abyss.
             The game lasted 00:50:23 (19099 turns).

greenreed the Fighter (Minotaur Monk)              Turns: 19099, Time: 00:50:24

Health: -7/100     AC: 18    Str: 15    XL:     13   Next: 63%
Magic:  13/14      EV: 10    Int:  7    God:    the Shining One [****..]
Gold:   1188       SH:  0    Dex: 14    Spells: 12/12 levels left

rFire   . . .      SeeInvis +   S - +2 morningstar (holy)
rCold   + . .      Faith    .   (no shield)
rNeg    + + .      Spirit   .   A - +2 chain mail {rC+}
rPois   .          Reflect  .   (helmet restricted)
rElec   .          Harm     .   (no cloak)
rCorr   .          Rampage  .   q - +0 pair of gloves
Will    +....                   j - +0 pair of boots
Stlth   ..........              (no amulet)
HPRegen 0.00/turn               L - +4 ring of slaying
MPRegen 0.14/turn               Z - ring "Nufis" {Fly Will+ Str-5 Slay+3 SInv}

@: sick, flying, glowing, unable to read, unable to drink
A: horns 2, retaliatory headbutt, [frail 2], [low MP 2], [subdued magic 2],
[inability to drink after injury 2], [inability to read after injury 2]
a: Renounce Religion, Divine Shield, Cleansing Flame


You were on level 1 of the Abyss.
You worshipped the Shining One.
The Shining One was greatly pleased with you.
You visited 3 branches of the dungeon, and saw 15 of its levels.
You visited the Abyss 1 time.
You also visited: Ossuary and Bailey.

You collected 1318 gold pieces.
You donated 130 gold pieces to Zin.

Inventory:

Hand Weapons
 b - a +4 demon whip of pain
 s - a +0 lajatang
 S - a +2 morningstar of holy wrath (weapon)
Missiles
 l - 41 poisoned darts (quivered)
 G - 3 atropa-tipped darts
 R - 4 throwing nets
Armour
 i - a scarf of invisibility
 j - a +0 pair of boots (worn)
 q - a +0 pair of gloves (worn)
 A - a +2 chain mail of cold resistance (worn)
Jewellery
 a - a ring of ice
 v - a ring of positive energy
 F - an amulet of guardian spirit
 L - a +4 ring of slaying (left hand)
 Z - the ring "Nufis" (right hand) {Fly Will+ Str-5 Slay+3 SInv}
   (You found it on level 13 of the Dungeon)

   [ring of flight]

   Str:       It affects your strength (-5).
   Slay:      It affects your accuracy & damage with ranged weapons and melee
   (+3).
   SInv:      It lets you see invisible.
   Fly:       It grants you flight.
   Will:      It increases your willpower.
Wands
 x - a wand of flame (16)
 E - a wand of digging (9)
 P - a wand of polymorph (5)
Scrolls
 f - a scroll of vulnerability {unknown}
 g - 5 scrolls of magic mapping
 h - a scroll of brand weapon
 p - 5 scrolls of teleportation
 t - 2 scrolls of butterflies
 w - 3 scrolls of enchant armour
 y - 2 scrolls of amnesia
 B - 4 scrolls of poison
 I - 4 scrolls of enchant weapon
 K - a scroll of acquirement {unknown}
 N - 2 scrolls of blinking {unknown}
 T - a scroll of immolation {unknown}
 U - a scroll of silence {unknown}
 V - a scroll of summoning {unknown}
Potions
 c - 2 potions of ambrosia
 d - 3 potions of attraction
 e - 6 potions of haste
 k - 6 potions of curing
 r - 8 potions of lignification
 u - 3 potions of flight {unknown}
 z - a potion of might
 H - 2 potions of brilliance {unknown}
 J - 4 potions of magic
 M - 3 potions of mutation
 O - 2 potions of resistance {unknown}
 Q - a potion of cancellation {unknown}
Miscellaneous
 X - a phial of floods (inert)
 Y - a phantom mirror


   Skills:
 + Level 14.3 Fighting
 + Level 10.5(13.4) Maces & Flails
 - Level 13.4(14.8) Staves
 + Level 13.8 Armour
 + Level 7.0 Dodging
 - Level 2.7 Stealth
 * Level 8.2 Invocations
 + Level 0.2 Evocations


You had 12 spell levels left.
You didn't know any spells.
Your spell library contained the following spells:

 Spells                   Type           Power      Damage    Failure   Level
 Apportation              Tloc           0%         N/A       98%         1
 Magic Dart               Conj           0%         1d3       98%         1
 Necrotise                Necr           0%         1d4       98%         1
 Summon Small Mammal      Summ           0%         N/A       98%         1
 Call Imp                 Summ           0%         N/A       99%         2
 Call Canine Familiar     Summ           0%         N/A       100%        3
 Mephitic Cloud           Conj/Pois/Air  0%         N/A       100%        3
 Portal Projectile        Hex/Tloc       0%         N/A       100%        3
 Tukima's Dance           Hex            0%         N/A       100%        3
 Leda's Liquefaction      Hex/Erth       0%         N/A       100%        4
 Blade Hands              Tmut           0%         N/A       100%        5


Dungeon Overview and Level Annotations

Branches:
Dungeon (13/15)            Temple (1/1) D:7            Lair (1/5) D:10
    Orc (0/2) D:10         Vaults (0/5) D:13        Ossuary (visited)
 Bailey (visited)

Altars:
Ashenzari
Cheibriados
Dithmenos
Elyvilon
Fedhas
Gozag
Hepliaklqana
Kikubaaqudgha
Makhleb
Nemelex Xobeh
Okawaru
Qazlal
Ru
Sif Muna
Trog
Uskayaw
Vehumet
Wu Jian
Xom
Yredelemnul
Zin
The Shining One

Shops:
D:11 (

Annotations:
Lair:1 Sonja


Innate Abilities, Weirdness & Mutations

You have a pair of horns on your head.
You reflexively headbutt those who attack you in melee.
[You are very frail. (-20% HP)]
[Your magical capacity is very low. (-20% MP)]
[Your spells are easier to cast, but less powerful.]
[You sometimes lose the ability to drink potions when taking damage.]
[You sometimes lose the ability to read scrolls when taking damage.]


Message History

The deep elf knight mumbles some strange words.
The deep elf knight seems to speed up.
The wretched star pulses with an eldritch light!
You occasionally lose the ability to drink potions when taking damage.
You lose the ability to drink potions when taking damage more often.
A small abomination comes into view.
The wretched star glows turbulently.
The lance of force hits you!!
You feel threatened and lose the ability to read scrolls!
You feel threatened and lose the ability to drink potions!
You are knocked back by the lance of force.
You collide with the small abomination!
The small abomination is lightly damaged.
The small abomination hits you!
You barely miss the small abomination. You headbutt the small abomination!
The small abomination is heavily damaged.
The small abomination hits you but does no damage.
You completely miss the small abomination.
You headbutt the small abomination!
You destroy the small abomination!
The Shining One accepts your kill.
You feel better.
You feel your power returning.
The deep elf knight points at you and mumbles some strange words.
The shard of ice hits you!! You partially resist.
* * * LOW HITPOINT WARNING * * *
You cannot read scrolls in your current state!
The deep elf knight disappears in a puff of smoke!
The wretched star pulses with an eldritch light!
Your connection to magic feels subdued.
Your connection to magic feels more subdued.
You sock the worldbinder! You headbutt the worldbinder!
The worldbinder is heavily damaged.
The worldbinder hits you but does no damage.
The worldbinder barely misses you.
The wretched star glows turbulently.
The lance of force hits you!!
* * * LOW HITPOINT WARNING * * *
You are knocked back by the lance of force.
You slam into the stone wall!
You die...

# #ยง##.# #...
#. ..#
#..###....
.#.x#.#...#..###
#. #.......#....
..#..##..##..##
#...#...#....#
#..*#x##.....
#.#......##..
..#.#.@#.#
.#...#.# ..
........... ..#
........##....#
........ #####
........
........
#####...


You could see a wretched star and a worldbinder.

Vanquished Creatures
  A tentacled starspawn (Abyss:1)
  The ghost of Newt the Basher, a journeyman DrAr of Qazlal (D:13)
  A merfolk impaler (D:13)
  Harold (D:11)
  4 vault guards
  2 boulder beetles
  A hydra (D:13)
  A centaur warrior (D:13)
  5 two-headed ogres
  A tengu warrior (D:13)
  A deep elf knight (D:13)
  Pikel (D:6)
  2 orc knights (D:13)
  A wizard (D:13)
  2 necromancers
  A deep elf pyromancer (D:12)
  A manticore (D:12)
  A cyclops (D:12)
  An ugly thing (D:13)
  A smoke demon (Abyss:1)
  2 gargoyles
  A cane toad (Lair:1)
  An unseen horror (D:11)
  A kobold demonologist (D:11)
  5 yaktaurs (D:12)
  Grinder (D:6)
  Prince Ribbit (Bailey)
  5 slime creatures
  Sigmund (D:3)
  2 shadows (D:10)
  5 wraiths
  A vampire (D:10)
  Eustachio (D:6)
  14 yaks (Lair:1)
  2 wyverns
  A ynoxinul (Abyss:1)
  2 basilisks
  23 humans
  A steam dragon (D:8)
  A chaos spawn (Abyss:1)
  15 vampire mosquitoes
  2 large abominations (Abyss:1)
  3 wargs (D:10)
  3 acid dragons
  A hornet zombie (Ossuary)
  2 water moccasins (Lair:1)
  4 orc warriors
  3 ice beasts
  4 sky beasts
  A black bear (D:4)
  4 ogres
  2 small abominations (Abyss:1)
  6 centaurs
  A lemure (D:6)
  A phantom (D:5)
  2 kobold brigands
  12 bullfrogs
  7 scorpions
  4 necrophages
  A wyvern zombie (Ossuary)
  A gnoll sergeant (D:8)
  A water moccasin zombie (Ossuary)
  4 wights
  12 killer bees
  9 howler monkeys
  5 centaur zombies (Ossuary)
  5 bullfrog zombies (Ossuary)
  2 iron imps (Abyss:1)
  3 jellies
  9 hounds
  3 gnoll boudas
  8 orc priests
  Natasha (twice) (D:2)
  Terence (D:2)
  2 iguanas (D:5)
  3 yak simulacra (D:10)
  10 mummies (Ossuary)
  8 orc wizards
  4 killer bee zombies (Ossuary)
  3 polar bear simulacra (D:10)
  3 wolf simulacra (D:10)
  3 howler monkey zombies (Ossuary)
  14 gnolls
  9 adders
  A white imp (D:8)
  3 ufetubi
  4 worms
  2 dart slugs
  60 orcs
  6 ball pythons
  9 endoplasms
  2 giant cockroaches
  9 goblins
  15 hobgoblins
  3 jackals (D:5)
  17 kobolds
  3 quokkas
  5 bats
  3 frilled lizards
  5 rats
  2 river rat simulacra (D:10)
  A starspawn tentacle (Abyss:1)
453 creatures vanquished.

Vanquished Creatures (others)
  A fungus (Lair:1)
  32 plants
  3 starspawn tentacles (Abyss:1)
  8 withered plants (Ossuary)
44 creatures vanquished.

Grand Total: 497 creatures vanquished

Notes
Turn   | Place    | Note
-------+----------+-------------------------------------------
     0 | D:1      | greenreed the Minotaur Monk began the quest for the Orb.
     0 | D:1      | Reached XP level 1. HP: 19/19 MP: 0/0
   234 | D:1      | Reached skill level 4 in Fighting
   234 | D:1      | Reached XP level 2. HP: 17/27 MP: 1/1
   462 | D:1      | Found a faded altar of an unknown god.
   573 | D:1      | Reached XP level 3. HP: 33/33 MP: 2/2
  1011 | D:2      | Found a bloodstained altar of Trog.
  1196 | D:2      | Noticed Terence
  1204 | D:2      | Killed Terence
  1205 | D:2      | Reached XP level 4. HP: 41/41 MP: 3/3
  1313 | D:2      | Noticed Natasha
  1332 | D:2      | Killed Natasha
  1663 | D:2      | Reached skill level 5 in Maces & Flails
  1913 | D:2      | Noticed Natasha
  1918 | D:2      | Killed Natasha
  1919 | D:2      | Reached skill level 1 in Armour
  1919 | D:2      | Reached XP level 5. HP: 41/47 MP: 4/4
  2286 | D:3      | Found a shimmering altar of Xom.
  2310 | D:3      | Found a broken altar of Ashenzari.
  2825 | D:3      | Noticed Sigmund
  2829 | D:3      | Killed Sigmund
  2830 | D:3      | Reached skill level 1 in Staves
  2830 | D:3      | Reached XP level 6. HP: 52/55 MP: 5/5
  3324 | D:4      | Reached skill level 5 in Fighting
  3324 | D:4      | Reached XP level 7. HP: 32/61 MP: 6/6
  4714 | D:5      | Entered Level 5 of the Dungeon
  4763 | D:5      | Found a hide-covered altar of Uskayaw.
  4853 | D:5      | Reached skill level 5 in Staves
  4866 | D:5      | Reached skill level 5 in Armour
  4866 | D:5      | Reached XP level 8. HP: 54/68 MP: 7/7
  4968 | D:5      | Reached skill level 5 in Dodging
  5222 | D:5      | Identified the +5 rapier "Naker" {vorpal, rN+ rCorr Int+4}
  5771 | D:6      | Noticed Pikel
  5809 | D:6      | Killed Pikel
  5810 | D:6      | Reached skill level 6 in Fighting
  5810 | D:6      | Reached XP level 9. HP: 69/78 MP: 8/8
  5956 | D:6      | Noticed Eustachio
  5971 | D:6      | Found an opulent altar of Gozag.
  5973 | D:6      | Killed Eustachio
  6073 | D:6      | Found a sand-covered staircase.
  6078 | Ossuary  | Entered an ossuary
  6391 | Ossuary  | Reached skill level 10 in Staves
  6406 | Ossuary  | Reached skill level 7 in Fighting
  6890 | D:6      | Noticed Grinder
  6894 | D:6      | Killed Grinder
  6895 | D:6      | Reached skill level 8 in Fighting
  7212 | D:7      | Reached XP level 10. HP: 86/88 MP: 9/9
  7342 | D:7      | Noticed a boulder beetle
  7367 | D:7      | Found a staircase to the Ecumenical Temple.
  7373 | D:7      | Killed a boulder beetle
  7381 | D:7      | Found a flagged portal.
  7430 | Bailey   | Entered a bailey
  7612 | Bailey   | Reached skill level 9 in Fighting
  7646 | Bailey   | Noticed Prince Ribbit
  7646 | Bailey   | Noticed a vault guard
  7665 | Bailey   | Killed a vault guard
  7668 | Bailey   | Killed Prince Ribbit
  7897 | Bailey   | Noticed a vault guard
  7908 | Bailey   | Killed a vault guard
  8231 | Bailey   | Reached skill level 10 in Fighting
  8451 | Temple   | Entered the Ecumenical Temple
  8507 | Temple   | Became a worshipper of Zin the Law-Giver
  8507 | Temple   | Reached * piety under Zin
  8507 | Temple   | Reached ** piety under Zin
  8507 | Temple   | Reached *** piety under Zin
  8809 | D:7      | Reached XP level 11. HP: 88/100 MP: 7/10
  8909 | D:8      | Reached **** piety under Zin
  9001 | D:8      | Reached skill level 1 in Invocations
  9607 | D:8      | Reached ***** piety under Zin
 10177 | D:9      | Reached ****** piety under Zin
 10391 | D:9      | Found a radiant altar of Vehumet.
 10583 | D:9      | Found a sparkling altar of Nemelex Xobeh.
 11120 | D:10     | Entered Level 10 of the Dungeon
 11377 | D:10     | Noticed a two-headed ogre
 11386 | D:10     | Killed a two-headed ogre
 11387 | D:10     | Reached skill level 11 in Fighting
 11545 | D:10     | Found a staircase to the Orcish Mines.
 11581 | D:10     | Noticed a necromancer
 11588 | D:10     | Killed a necromancer
 11878 | D:10     | Noticed a two-headed ogre
 11889 | D:10     | Killed a two-headed ogre
 11890 | D:10     | Reached skill level 10 in Armour
 11936 | D:10     | Found a bloodstained altar of Trog.
 11965 | D:10     | Found a staircase to the Lair.
 12808 | D:10     | Identified the +8 trident of Purel {freeze, rElec rPois rF+
                  | Dex-5}
 12888 | D:11     | Noticed a two-headed ogre
 12897 | D:11     | Killed a two-headed ogre
 13239 | D:11     | Found Kebooth's Antique Weapon Shoppe.
 13302 | D:11     | Noticed Harold
 13318 | D:11     | Killed Harold
 13319 | D:11     | Reached XP level 12. HP: 83/111 MP: 10/14
 13865 | D:11     | Reached skill level 5 in Invocations
 14393 | D:12     | Reached skill level 12 in Fighting
 15325 | D:13     | Noticed a two-headed ogre
 15565 | D:12     | Killed a two-headed ogre
 15838 | D:13     | Noticed a boulder beetle
 15867 | D:13     | Killed a boulder beetle
 16142 | D:13     | Identified the ring "Nufis" {Fly Will+ Str-5 Slay+3 SInv}
 16159 | D:13     | Noticed a centaur warrior
 16172 | D:13     | Killed a centaur warrior
 16442 | D:13     | Reached skill level 13 in Fighting
 16448 | D:13     | Noticed a vault guard
 16462 | D:13     | Killed a vault guard
 16506 | D:13     | Noticed a vault guard
 16530 | D:13     | Killed a vault guard
 16531 | D:13     | Reached XP level 13. HP: 39/122 MP: 8/17
 16848 | D:13     | Found a gate to the Vaults.
 17176 | D:13     | Found a runed translucent gate.
 17177 | D:13     | Found a runed translucent gate.
 17177 | D:13     | Noticed a merfolk impaler
 17178 | D:13     | Found a runed translucent gate.
 17178 | D:13     | Noticed Newt's ghost (journeyman DrAr)
 17181 | D:13     | Found an iron altar of Okawaru.
 17675 | D:13     | Killed Newt's ghost
 17681 | D:13     | Killed a merfolk impaler
 17687 | D:13     | Reached skill level 14 in Fighting
 18474 | Temple   | Fell from the grace of Zin
 18474 | Temple   | Became a worshipper of the Shining One
 18474 | Temple   | Reached * piety under the Shining One
 18474 | Temple   | Reached ** piety under the Shining One
 18474 | Temple   | Reached *** piety under the Shining One
 18569 | Lair:1   | Entered Level 1 of the Lair of Beasts
 18602 | Lair:1   | Reached skill level 10 in Maces & Flails
 18697 | Lair:1   | Reached **** piety under the Shining One
 18822 | Lair:1   | Noticed Sonja
 18830 | Abyss:1  | Cast into level 1 of the Abyss (Sonja)
 19069 | Abyss:1  | Noticed a tentacled starspawn
 19083 | Abyss:1  | Killed a tentacled starspawn
 19099 | Abyss:1  | Collided with a stone wall

Illustrated notes

Levels and vault maps discovered:
D:1:      dpeg_arrival_brainrot, layout_loops_cross,
          ebering_ecumenical_altar_petrified
D:2:      layout_basic, basic_altar, kennysheep_generic_room_6, uniq_terence,
          uniq_natasha
D:3:      layout_basic, mainiacjoe_overflow_large_starburst, dk_noncrumbling_4,
          amcnicky_mini_pool_small, minivault_24, uniq_sigmund
D:4:      minmay_wonky_spiral, layout_basic, lemuel_another_geyser
D:5:      layout_gridville, eat_drink_and_be_merry_uskayaw
D:6:      layout_basic, nicolae_gozag_seed_capital, enter_ossuary_5, uniq_pikel,
          uniq_eustachio, uniq_grinder
D:7:      layout_basic, minmay_temple_entry_proselytizer, enter_bailey_2,
          roderic_three_in_a_row, fountainhead,
          nicolae_concentric_dashed_squares_mild, st_stairs_5
D:8:      kennysheep_housing_project, layout_rooms
D:9:      layout_basic, mainiacjoe_overflow_brackets, mainiacjoe_overflow_paths,
          special_room [special_room_orc]
D:10:     layout_grid_maze, mainiacjoe_overflow_alcove_2,
          erik_lair_orcish_takeover, orc_0_dummy, eino_house_with_fridge
D:11:     layout_basic, serial_shops, shop, uniq_harold
D:12:     layout_basic
D:13:     layout_loops_ring, grunt_vaults_entry_tiered,
          gammafunk_ghost_fury_of_okawaru, serial_rivers,
          chequers_serial_rivers_room_a, chequers_serial_rivers_small_3,
          chequers_serial_rivers_small_3, chequers_serial_rivers_small_b,
          chequers_serial_rivers_small_3, chequers_serial_rivers_small_a
Temple:   eino_wide_crystal_templ
Lair:1:   layout_roguey, minivault_11, uniq_sonja
Abyss:1:  base:
D:5

Skill      XL: |  1  2  3  4  5  6  7  8  9 10 11 12 13 |
---------------+----------------------------------------+-----
Fighting       | 4 5 6 8 10 11 13 14 | 14.3
Maces & Flails | 4 5 6 8 9 10 | 10.5
Dodging        | 4 5 6 7 |  7.0
Stealth        | 2 |  2.7
Armour         | 1 2 3 5 6 7 8 10 12 13 | 13.8
Staves         | 1 2 5 8 11 13 | 13.4
Invocations    | 4 7 8 |  8.2
Evocations     | |  0.2

Action                   |  1- 3 |  4- 6 |  7- 9 | 10-12 | 13-15 || total
-------------------------+-------+-------+-------+-------+-------++-------
Melee: Mace              |    52 |       |       |       |       ||    52
       Headbutt          |     9 |    14 |    52 |   150 |    53 ||   278
       Punch             |     1 |     1 |       |     3 |     2 ||     7
       Flail             |       |    51 |       |     7 |       ||    58
       Lajatang          |       |    36 |   316 |   511 |   110 ||   973
       Morningstar       |       |       |       |    92 |    49 ||   141
Throw: Dart              |     1 |       |       |       |       ||     1
Invok: Recite            |       |       |       |    19 |     2 ||    21
       Vitalisation      |       |       |       |     2 |       ||     2
       Cleansing Flame   |       |       |       |       |     2 ||     2
Evoke: Wand              |       |       |       |     1 |       ||     1
       Phial of floods   |       |       |       |       |     1 ||     1
  Use: Scroll            |       |       |     7 |     6 |     4 ||    17
       Potion            |       |       |       |     8 |     4 ||    12
 Stab: Sleeping          |     4 |       |       |       |       ||     4
       Confused          |       |       |       |    10 |     3 ||    13
       Invisible         |       |       |       |     1 |       ||     1
Armor: Robe              |     5 |       |       |       |       ||     5
       Scale mail        |       |    37 |    38 |       |       ||    75
       Chain mail        |       |       |   131 |   381 |    66 ||   578
Dodge: Dodged            |    31 |    49 |   178 |   282 |    64 ||   604

Table legend: (Time is in decaauts)
 A = Elapsed time spent in this place.
 B = Non-inter-level travel time spent in this place.
 C = Inter-level travel time spent in this place.
 D = Time resting spent in this place.
 E = Time spent auto-exploring this place.
 F = Levels seen in this place.
 G = Mean time per level.
                   A        B        C        D        E       F      G
               +--------+--------+--------+--------+--------+-----+--------+
         Total |  18954 |  17934 |   1020 |   2013 |  12816 |  18 | 1053.0 |
       Dungeon |  16985 |  16011 |    974 |   1749 |  11681 |  13 | 1306.5 |
        Temple |     94 |     49 |     45 |      0 |     33 |   1 |   94.0 |
          Lair |    246 |    246 |      0 |      0 |    155 |   1 |  246.0 |
         Abyss |    275 |    275 |      0 |      0 |    186 |   1 |  275.0 |
       Ossuary |    544 |    544 |      0 |    234 |    109 |   1 |  544.0 |
        Bailey |    807 |    807 |      0 |     30 |    651 |   1 |  807.0 |
               +--------+--------+--------+--------+--------+-----+--------+

Top non-repeatable levels by time:
    D:13: 2327 daAuts
    D:10: 1793 daAuts
    D:12: 1778 daAuts
     D:4: 1477 daAuts
     D:2: 1326 daAuts
    D:11: 1302 daAuts
     D:8: 1253 daAuts
     D:9: 1105 daAuts
     D:3: 1045 daAuts
     D:5: 968 daAuts
     D:1: 938 daAuts
     D:6: 845 daAuts
     D:7: 822 daAuts
  Bailey: 807 daAuts
 Ossuary: 544 daAuts
